 Dungeon Crawl Stone Soup version 0.26.1-11-gd32895ea62 (webtiles) character file.

Game seed: 3086639151855681151

37 Acheron the Grasshopper (level 3, -1/31 HPs)
             Began as a Palentonga Warper on July 3, 2021.
             Slain by an adder (4 damage)
             ... on level 2 of the Dungeon.
             The game lasted 00:04:05 (1409 turns).

Acheron the Grasshopper (Palentonga Warper)         Turns: 1409, Time: 00:04:06

Health: -1/31      AC:  7    Str: 14    XL:     3   Next: 21%
Magic:  6/6        EV:  4    Int: 13    God:
Gold:   50         SH:  0    Dex: 10    Spells: 6/6 levels left

rFire    . . .     SeeInvis +   a - +0 hand axe
rCold    . . .     Faith    .   (no shield)
rNeg     . . .     Spirit   .   g - +0 chain mail
rPois    .         Reflect  .   (no helmet)
rElec    .         Harm     .   (no cloak)
rCorr    .         Rampage  .   (no gloves)
Will     .....                  (no barding)
Stlth    ..........             (no amulet)
HPRegen  0.10/turn              (no ring)
MPRegen  0.10/turn              (no ring)

@: mighty, invisible
A: large, rugged brown scales 3, see invisible, deformed body, roll 1, armoured
tail
a: Rolling Charge


You were on level 2 of the Dungeon.
You visited 1 branch of the dungeon, and saw 3 of its levels.

You collected 50 gold pieces.

Inventory:

Hand Weapons
 a - a +0 hand axe (weapon)
Missiles
 e - 5 boomerangs of dispersal
 i - 7 boomerangs
 j - 19 poisoned darts (quivered)
Armour
 b - a +0 leather armour
 g - a +0 chain mail (worn)
Jewellery
 k - a cursed -4 ring of strength {unknown}
Scrolls
 c - a scroll of identify
 d - a scroll of blinking
 h - 2 scrolls of remove curse
 m - a scroll of random uselessness {unknown}
 n - a scroll of noise {unknown}
Potions
 f - a potion of heal wounds {unknown}


   Skills:
 + Level 2.2 Fighting
 + Level 2.2 Axes
 + Level 0.6 Throwing
 * Level 1.4 Armour
 * Level 1.9 Dodging
 + Level 2.2 Spellcasting
 + Level 3.2 Translocations


You had 6 spell levels left.
You didn't know any spells.
Your spell library contained the following spells:

 Spells                   Type           Power        Failure   Level
 Blink                    Tloc           N/A          95%         2
 Gell's Gravitas          Tloc           4%           99%         3
 Lesser Beckoning         Tloc           4%           99%         3
 Teleport Other           Tloc           9%           99%         3
 Passage of Golubria      Tloc           N/A          100%        4


Dungeon Overview and Level Annotations

Branches:
Dungeon (3/15)

Altars:
Vehumet


Innate Abilities, Weirdness & Mutations

You are completely covered in rugged brown scales. (AC +3, +7% HP)
You have supernaturally acute eyesight. (SInv)
Armour fits poorly on your strangely shaped body.
You can roll at nearby foes to attack.
You have a long armoured tail.


Message History

* * * LOW HITPOINT WARNING * * *
The adder barely misses you.
You closely miss the adder.
The adder is moderately wounded.
The adder barely misses you. The adder bites you but does no damage.
Your chain mail prevents you from hitting the adder.
Your tail-slap misses the adder.
The adder is moderately wounded.
The adder bites you.
* * * LOW HITPOINT WARNING * * *
You miss the adder.
The adder is moderately wounded.
You feel sick.
You are no longer poisoned.
The adder bites you but does no damage. The adder bites you.
* * * LOW HITPOINT WARNING * * *
It was a potion of invisibility.
You fade into invisibility!
The adder bites you.
You die...

## #. #. ##### #.
#...###### #. ###
#........##### #. #...
#....)...#...# #.
##....###......#.#.####.
.....JS@'............>##
##...[###......#.#.##.##
#... #......#.#......
#.. ###.....)#.##.#.##
... ...........(...#.#
## #############.##.#
#####....# #........#
###.##.....#


You could see an ooze and an adder.

Vanquished Creatures
  A leopard gecko (D:1)
  A ball python (D:1)
  3 giant cockroaches (D:1)
  A hobgoblin (D:1)
  10 jackals (D:1)
  A quokka (D:2)
  3 bats
  A frilled lizard (D:1)
  4 goblins
  2 kobolds (D:1)
  3 rats (D:1)
30 creatures vanquished.

Vanquished Creatures (others)
  A worm (D:2)
  A hobgoblin (D:2)
  A frilled lizard (D:2)
3 creatures vanquished.

Grand Total: 33 creatures vanquished

Notes
Turn   | Place    | Note
-------+----------+-------------------------------------------
     0 | D:1      | Acheron the Palentonga Warper began the quest for the Orb.
     0 | D:1      | Reached XP level 1. HP: 18/18 MP: 3/3
   215 | D:1      | Reached XP level 2. HP: 17/25 MP: 5/5
   243 | D:1      | HP: 1/25 [rat (2)]
   577 | D:1      | Reached skill level 1 in Armour
   799 | D:1      | Reached XP level 3. HP: 24/31 MP: 6/6
  1295 | D:2      | Found a radiant altar of Vehumet.
  1409 | D:2      | Slain by an adder

Illustrated notes

Levels and vault maps discovered:
D:1:      amcnicky_arrival_underground_garden, layout_basic
D:2:      layout_basic, fiery_altar_vehumet, okawaru_trees_1,
          kennysheep_generic_room_12
D:3:      layout_basic, nicolae_overflow_crystal_walls

Skill      XL: |  1  2 |
---------------+-------+-----
Armour         | 1 |  1.4
Fighting       | |  2.2
Axes           | |  2.2
Throwing       | |  0.6
Dodging        | |  1.9
Spellcasting   | |  2.2
Translocations | |  3.2

Action                   || total
-------------------------++-------
Melee: Hand axe          ||   134
       Tailslap          ||     8
  Use: Scroll            ||     3
       Potion            ||     2
Armor: Chain mail        ||   106
       Leather armour    ||     2
Dodge: Dodged            ||    41
